 Dungeon Crawl Stone Soup version 0.21-a0-225-g207ae17 (webtiles) character file.

174925 Swomperka the Fencer (level 17, 0/168 HPs)
             Began as a Demonspawn Gladiator on Aug 30, 2017.
             Was the Champion of Makhleb.
             Killed from afar by a nagaraja (16 damage)
             ... with a poison arrow
             ... on level 4 of the Snake Pit.
             The game lasted 01:25:36 (28421 turns).

Swomperka the Fencer (Demonspawn Gladiator)        Turns: 28421, Time: 01:25:45

Health: 0/168      AC: 14    Str: 25    XL:     17   Next: 46%
Magic:  0/29       EV: 21    Int: 10    God:    Makhleb [******]
Gold:   2456       SH:  0    Dex: 23    Spells: 16/16 levels left

rFire    + + .     SeeInvis .   J - +3 great sword (flame)
rCold    + + .     Gourm    .   (shield currently unavailable)
rNeg     . . .     Faith    .   V - +5 ring mail of Darkness {-Cast rPois Str+3 Dex+3}
rPois    +         Spirit   +   c - +0 helmet
rElec    .         Reflect  .   j - scarf {rC+ rF+}
rCorr    +         Harm     .   I - +0 pair of gloves of Midnight {rC+} (curse)
MR       +....     Clarity  +   (boots unavailable) Stlth +.........NoCast +
                                n - amulet of guardian spirit
HPRegen  0.38/turn              U - ring of resist corrosion
MPRegen  0.21/turn              T - +6 ring of strength

@: lethally poisoned (0 -> -4), very slightly contaminated
A: hooves 3, rugged brown scales 2, clarity, fire resistance 1, foul stench 2,
robust 2, spiny 2, rot immunity
a: Minor Destruction, Lesser Servant of Makhleb, Major Destruction, Greater
Servant of Makhleb, Renounce Religion


You were on level 4 of the Snake Pit.
You worshipped Makhleb.
Makhleb was exalted by your worship.
You were not hungry.

You visited 4 branches of the dungeon, and saw 27 of its levels.
You also visited: Sewer and Volcano.

You collected 2613 gold pieces.
You spent 157 gold pieces at shops.

Inventory:

Hand Weapons
 J - a +3 great sword of flaming (weapon)
Missiles
 v - 4 exploding tomahawks
 D - a throwing net (quivered)
Armour
 c - a +0 helmet (worn)
 j - a scarf of resistance (worn)
 I - the cursed +0 pair of gloves of Midnight (worn) {rC+}
   (You found it on level 15 of the Dungeon)

   It protects you from cold.
   It has a curse placed upon it.
 V - the +5 ring mail of Darkness (worn) {-Cast rPois Str+3 Dex+3}
   (You found it on level 2 of the Lair of Beasts)

   It affects your strength (+3).
   It affects your dexterity (+3).
   It protects you from poison.
   It prevents spellcasting.
Jewellery
 n - an amulet of guardian spirit (around neck)
 q - an uncursed ring of wizardry
 x - an uncursed ring of ice
 B - an uncursed ring of protection from magic
 C - an uncursed ring of fire
 T - a +6 ring of strength (right hand)
 U - a ring of resist corrosion (left hand)
 Z - an uncursed ring of see invisible
Wands
 m - a wand of iceblast (7/15)
 s - a wand of acid (5/15)
 N - a wand of paralysis (9/24)
 O - a wand of scattershot (3/9)
 P - a wand of polymorph (9/24)
 Q - a wand of lightning (5/15)
Scrolls
 a - 3 scrolls of silence
 i - 8 scrolls of recharging
 l - 7 scrolls of teleportation
 o - 3 scrolls of acquirement {unknown}
 t - 14 scrolls of remove curse
 w - 4 scrolls of magic mapping
 y - 4 scrolls of enchant armour
 A - 3 scrolls of blinking
 E - 3 scrolls of immolation
 F - 4 scrolls of enchant weapon
 L - a scroll of summoning {unknown}
 S - a scroll of amnesia
 W - 2 scrolls of fog
 Y - 12 scrolls of identify
Potions
 d - 7 potions of mutation
 e - 3 potions of invisibility
 g - 6 potions of flight
 k - 14 potions of curing
 p - 6 potions of heal wounds
 u - 6 potions of might
 z - 2 potions of agility
 G - 2 potions of berserk rage
 H - a potion of brilliance
 K - 2 potions of magic
 M - 2 potions of haste
 R - a potion of ambrosia
Comestibles
 b - 2 fruits
 f - 14 bread rations
 h - 14 royal jellies
 r - 14 meat rations


   Skills:
 + Level 12.8 Fighting
 - Level 20.0 Long Blades
 - Level 1.7 Throwing
 + Level 11.5 Dodging
 - Level 17.4 Invocations


You had 16 spell levels left.
You didn't know any spells.

Dungeon Overview and Level Annotations

Branches:
Dungeon (15/15)            Temple (0/1) D:4            Lair (6/6) D:10
  Swamp (0/4) Lair:3        Snake (4/4) Lair:2          Orc (2/2) D:10
    Elf (0/3) Orc:2        Vaults (0/5) D:14         Depths (0/5) D:15
  Slime: Lair:5-6

Altars:
Cheibriados
Fedhas
Gozag
Hepliaklqana
Makhleb
Nemelex Xobeh
Qazlal
Trog
Uskayaw
Vehumet
Xom
Beogh

Shops:
D:4 =*   D:9 :   D:10 (   D:15 [   Orc:2 !((!

Annotations:
Lair:6 exclusion: 2 oklob plants
Snake:4 Vashnia


Innate Abilities, Weirdness & Mutations

You have hooves in place of feet.
You are mostly covered in rugged brown scales. (AC +2, +5% HP)
You frequently emit foul miasma when damaged in melee.
You are very robust. (+20% HP)
You are mostly covered in sharp spines.
You are immune to rotting.
You possess an exceptional clarity of mind.
Your flesh is heat resistant. (rF+)


Message History

The nagaraja spits poison at you. The splash of poison hits you!
You are more poisoned.
You resist.
You see here a bolt.
You feel sick. The nagaraja casts a spell at you. The bolt of poison hits you!
You resist.
* * * LOW HITPOINT WARNING * * *
The naga sharpshooter shoots a bolt.
The bolt hits you!
* * * LOW HITPOINT WARNING * * *
You see here a bolt.
You feel better.
The naga sharpshooter shoots a bolt.
The bolt hits you!
* * * LOW HITPOINT WARNING * * *
The nagaraja points at you and mumbles some strange words.
The poison arrow hits you!
You are poisoned.
You partially resist.
You die...

......).(..(# #
N.....)N(..(# #
##....)(.†..# #
#......((.(# # #.....).(.(#
## #......N..(# #'
#.........(# ##
#.........(# #
#.........@################
........)..[...............
#.....................#....
......#######........##.##
##### ######...#### #####


You could see a nagaraja and a naga sharpshooter.

Vanquished Creatures
  Bai Suzhen (Snake:4)
  Kirke (D:13)
  2 nagarajas
  Donald (Snake:2)
  An orc warlord (Orc:2)
  Louise (D:15)
  A stone giant (Volcano)
  The ghost of Anemos the Unseen, an adept SpEn of Dithmenos (Snake:1)
  2 entropy weavers (Lair:5)
  A yaktaur captain (D:15)
  The ghost of AvylaarBelgium the Thaumaturge, a journeyman DEFE of Vehumet (Lair:3)
  Fannar (D:11)
  Josephine (D:13)
  13 naga warriors
  7 hydras
  11 anacondas
  5 centaur warriors
  The ghost of Anemos the Unseen, a journeyman SpEn of Dithmenos (D:14)
  A catoblepas (D:13)
  A queen ant (Lair:5)
  6 death yaks
  12 two-headed ogres
  An ogre mage (D:14)
  4 orc high priests (Orc:2)
  3 shock serpents
  9 naga sharpshooters
  A deep elf knight (D:14)
  2 salamander mystics
  3 skeletal warriors (D:13)
  3 swamp dragons (Lair:5)
  3 naga ritualists
  A wolf spider (Lair:6)
  A wolf spider zombie (D:13)
  7 orc knights (Orc:2)
  An ugly thing (D:13)
  4 mana vipers
  3 cyclopes
  3 manticores
  4 deep elf magi
  4 orc sorcerers (Orc:2)
  6 salamanders
  3 guardian serpents
  12 elephants
  Joseph (D:8)
  9 naga magi
  A torpor snail (Lair:4)
  15 spiny frogs
  7 centaur zombies
  37 black mambas
  A centaur skeleton (D:14)
  3 gargoyles
  A kobold demonologist (D:11)
  7 komodo dragons
  2 rime drakes (Lair:3)
  A komodo dragon (shapeshifter) (D:15)
  An efreet (Volcano)
  A yaktaur (D:15)
  2 guardian mummies (D:13)
  12 polar bears
  A tengu conjurer (D:13)
  Grinder (D:6)
  8 blink frogs
  4 hornets
  5 trolls
  A meliai zombie (D:13)
  A raiju (Lair:6)
  8 slime creatures
  3 dream sheep (Lair:4)
  13 hippogriffs
  A hippogriff (shapeshifter) (D:14)
  A shadow (D:11)
  A spriggan (D:9)
  2 redbacks (Lair:6)
  10 wyverns
  A vampire (D:10)
  8 fire bats (Volcano)
  3 wraiths (D:13)
  2 hungry ghosts
  61 yaks
  2 fire elementals (Volcano)
  3 hogs (D:13)
  A swamp worm (Lair:5)
  Grum (D:8)
  A basilisk (Lair:6)
  13 vampire mosquitoes
  7 wargs
  11 soldier ants (Lair:5)
  2 acid dragons
  35 nagas
  26 water moccasins
  14 hell hounds (Lair:6)
  7 porcupines
  A hornet zombie (D:13)
  31 orc warriors
  6 ice beasts
  2 eyes of draining
  11 sky beasts
  4 phantoms
  12 black bears
  7 necrophages
  15 ogres
  16 wolves
  A boggart (D:14)
  10 centaurs
  10 crocodiles
  Blork the orc (D:4)
  6 big kobolds
  13 bullfrogs
  An earth elemental (Volcano)
  4 scorpions
  23 killer bees
  18 wights
  A howler monkey (D:4)
  2 electric eels
  5 lava snakes (Volcano)
  6 crimson imps
  2 bullfrog zombies
  A jelly (D:11)
  2 quasits (D:10)
  4 bullfrog skeletons
  28 orc priests
  5 hounds
  2 iguanas
  15 orc wizards
  15 worker ants
  A hound zombie (D:11)
  A hound skeleton (D:10)
  4 mummies (D:13)
  2 worker ant zombies
  6 gnolls
  8 adders
  8 river rats (Sewer)
  3 shadow imps
  An adder skeleton (D:5)
  An adder zombie (D:9)
  6 worms
  2 dart slugs
  8 leopard geckos
  100 orcs
  8 ball pythons
  5 giant cockroaches
  11 goblins
  4 hobgoblins
  11 jackals
  35 kobolds
  8 quokkas
  6 bats
  4 frilled lizards
  22 rats
  2 fungi
  A plant (Lair:6)
1057 creatures vanquished.

Vanquished Creatures (collateral kills)
  Frances (D:13)
  A ghoul (D:13)
  A hydra (Lair:2)
  2 two-headed ogres
  A death yak (Lair:5)
  Sonja (Lair:3)
  A skeletal warrior (D:13)
  An orc knight (D:10)
  A swamp dragon (Lair:5)
  A manticore (D:9)
  A troll (D:13)
  A slime creature (Lair:5)
  2 hippogriffs
  9 yaks
  2 soldier ants (Lair:5)
  An acid dragon (D:10)
  An orc warrior (D:10)
  An eye of draining (D:10)
  4 centaurs (D:13)
  A bullfrog (D:10)
  A water moccasin skeleton (D:9)
  A killer bee (D:9)
  An orc priest (D:9)
  2 orc wizards (D:9)
  8 worker ants
  A mummy (D:13)
  A worker ant zombie (D:9)
  A leopard gecko (D:9)
  2 orcs (D:10)
  A plant (Lair:5)
53 creatures vanquished.

Vanquished Creatures (others)
  A hornet zombie (D:13)
  9 fungi
  16 plants
26 creatures vanquished.

Grand Total: 1136 creatures vanquished

Notes
Turn   | Place    | Note
-------+----------+-------------------------------------------
     0 | D:1      | Swomperka the Demonspawn Gladiator began the quest for the Orb.
     0 | D:1      | Reached XP level 1. HP: 16/16 MP: 1/1
   397 | D:1      | Gained mutation: You are partially covered in rugged brown scales. (AC +1, +3% HP) [demonic ancestry]
   397 | D:1      | Reached XP level 2. HP: 17/23 MP: 2/2
   421 | D:1      | Reached skill level 3 in Long Blades
  1239 | D:2      | Gained mutation: You are partially covered in sharp spines. [demonic ancestry]
  1239 | D:2      | Reached XP level 3. HP: 15/28 MP: 3/3
  1464 | D:2      | Found a burning altar of Makhleb.
  1578 | D:2      | Became a worshipper of Makhleb the Destroyer
  2079 | D:2      | Found a hazy altar of Hepliaklqana.
  2114 | D:3      | Gained mutation: You are mostly covered in sharp spines. [demonic ancestry]
  2114 | D:3      | Reached XP level 4. HP: 36/36 MP: 4/4
  2163 | D:3      | Reached * piety under Makhleb
  2335 | D:3      | Reached skill level 4 in Long Blades
  2666 | D:4      | Found a staircase to the Ecumenical Temple.
  2707 | D:4      | Noticed a centaur
  2712 | D:4      | Found Emuamm's Jewellery Boutique.
  2719 | D:4      | Killed a centaur
  2719 | D:4      | Reached skill level 1 in Invocations
  2719 | D:4      | Reached XP level 5. HP: 6/43 MP: 4/6
  2986 | D:4      | Found Gosh's General Store.
  3088 | D:4      | Noticed Blork the orc
  3101 | D:4      | Killed Blork the orc
  3101 | D:4      | Gained mutation: You are immune to rotting. [demonic ancestry]
  3101 | D:4      | Reached XP level 6. HP: 35/49 MP: 7/7
  3317 | D:4      | Found a sparkling altar of Nemelex Xobeh.
  3360 | D:4      | Reached skill level 5 in Long Blades
  3559 | D:5      | Entered Level 5 of the Dungeon
  3635 | D:5      | Found a bloodstained altar of Trog.
  3664 | D:5      | Noticed a sky beast
  3671 | D:5      | Killed a sky beast
  3687 | D:5      | Noticed a sky beast
  3694 | D:5      | Killed a sky beast
  3694 | D:5      | Reached ** piety under Makhleb
  3694 | D:5      | Gained mutation: You are mostly covered in rugged brown scales. (AC +2, +5% HP) [demonic ancestry]
  3694 | D:5      | Reached XP level 7. HP: 35/57 MP: 9/9
  3848 | D:5      | Reached skill level 6 in Long Blades
  3981 | D:5      | Found a glowing drain.
  3994 | D:5      | Reached skill level 5 in Fighting
  3996 | Sewer    | Entered a sewer
  4092 | Sewer    | Reached skill level 5 in Invocations
  4198 | Sewer    | Reached *** piety under Makhleb
  4216 | Sewer    | Gained mutation: You have large cloven feet. [demonic ancestry]
  4216 | Sewer    | Reached XP level 8. HP: 60/65 MP: 11/11
  4818 | D:6      | Reached skill level 7 in Long Blades
  4924 | D:6      | Noticed Grinder
  4971 | D:6      | Killed Grinder
  4994 | D:6      | Reached skill level 8 in Long Blades
  5057 | D:6      | Found a radiant altar of Vehumet.
  5057 | D:6      | Found a snail-covered altar of Cheibriados.
  5341 | D:6      | Reached skill level 9 in Long Blades
  5680 | D:7      | Reached **** piety under Makhleb
  5680 | D:7      | Gained mutation: You may emit foul miasma when damaged in melee. [demonic ancestry]
  5680 | D:7      | Reached XP level 9. HP: 71/71 MP: 12/12
  5792 | D:7      | Noticed a dagger
  5794 | D:7      | Noticed a hand axe
  5797 | D:7      | Found a hide-covered altar of Uskayaw.
  5984 | D:7      | Reached skill level 10 in Long Blades
  6599 | D:8      | Noticed Joseph
  6628 | D:8      | Killed Joseph
  6924 | D:8      | Noticed Grum
  6930 | D:8      | Reached skill level 11 in Long Blades
  6940 | D:8      | Killed Grum
  7639 | D:9      | Noticed a manticore
  7654 | D:9      | Killed a manticore
  7654 | D:9      | Reached XP level 10. HP: 33/77 MP: 6/14
  7898 | D:9      | Reached skill level 12 in Long Blades
  7994 | D:9      | Noticed a two-headed ogre
  8001 | D:9      | Killed a two-headed ogre
  8057 | D:9      | Reached ***** piety under Makhleb
  8332 | D:9      | Noticed a two-headed ogre
  8334 | D:9      | Noticed a two-headed ogre
  8339 | D:9      | Killed a two-headed ogre
  8345 | D:9      | Killed a two-headed ogre
  8365 | D:9      | Reached skill level 13 in Long Blades
  8563 | D:9      | Found Jeep's Book Shop.
  8698 | D:10     | Entered Level 10 of the Dungeon
  8733 | D:10     | Noticed an orc knight
  8744 | D:10     | Killed an orc knight
  8744 | D:10     | Gained mutation: You have hoof-like feet. [demonic ancestry]
  8744 | D:10     | Reached XP level 11. HP: 47/84 MP: 10/17
  8756 | D:10     | Found a staircase to the Orcish Mines.
  8756 | D:10     | Identified the Collected Works on Malediction and Darkness
  8797 | D:10     | Noticed a two-headed ogre
  8803 | D:10     | Killed a two-headed ogre
  8876 | D:10     | Noticed a two-headed ogre
  8883 | D:10     | Killed a two-headed ogre
  9186 | D:10     | Found a staircase to the Lair.
  9473 | D:10     | Noticed a two-headed ogre
  9480 | D:10     | Killed a two-headed ogre
  9484 | D:10     | Reached skill level 10 in Invocations
  9638 | D:10     | Found Qipsonugimp's Weapon Emporium.
  9751 | Lair:1   | Entered Level 1 of the Lair of Beasts
  9854 | Lair:1   | Identified Sif Muna's Incunabulum of Battle Magic and Summoning
  9883 | Lair:1   | Reached skill level 14 in Long Blades
  9965 | Lair:1   | Reached skill level 5 in Dodging
 10128 | Lair:1   | Noticed a four-headed hydra
 10137 | Lair:1   | Killed a five-headed hydra
 10240 | Lair:1   | Gained mutation: You have hooves in place of feet. [demonic ancestry]
 10240 | Lair:1   | Reached XP level 12. HP: 95/95 MP: 17/20
 10835 | Lair:2   | Found a dark tunnel.
 10847 | Volcano  | Entered a volcano
 10997 | Volcano  | Found a bloodstained altar of Trog.
 11016 | Volcano  | Noticed a stone giant
 11034 | Volcano  | Killed a stone giant
 11078 | Volcano  | Found a radiant altar of Vehumet.
 11446 | Lair:2   | Noticed a seven-headed hydra
 11457 | Lair:2   | Killed a seven-headed hydra
 11489 | Lair:2   | Got a bloodstained ring mail
 11502 | Lair:2   | Identified the +5 ring mail of Darkness {-Cast rPois Str+3 Dex+3} (You found it on level 2 of the Lair of Beasts)
 11763 | Lair:2   | Found a staircase to the Snake Pit.
 11874 | Lair:3   | Found a staircase to the Swamp.
 12003 | Lair:3   | Noticed AvylaarBelgium's ghost (journeyman DEFE)
 12011 | Lair:3   | Killed AvylaarBelgium's ghost
 12096 | Lair:3   | Gained mutation: You are robust. (+10% HP) [demonic ancestry]
 12096 | Lair:3   | Reached XP level 13. HP: 90/116 MP: 19/22
 12282 | Lair:3   | Noticed Sonja
 12289 | Lair:3   | Killed Sonja
 13822 | Lair:5   | Noticed an entropy weaver
 13828 | Lair:5   | Noticed an entropy weaver
 13836 | Lair:5   | Killed an entropy weaver
 13841 | Lair:5   | Killed an entropy weaver
 13848 | Lair:5   | Reached skill level 15 in Invocations
 14276 | Lair:5   | Noticed an Executioner
 14998 | Lair:6   | Entered Level 6 of the Lair of Beasts
 15012 | Lair:6   | Reached XP level 14. HP: 112/125 MP: 19/26
 15626 | Lair:6   | Reached skill level 15 in Long Blades
 15702 | Lair:6   | Reached ****** piety under Makhleb
 16162 | Lair:6   | Reached skill level 16 in Long Blades
 16744 | Orc:1    | Entered Level 1 of the Orcish Mines
 17009 | Orc:2    | Entered Level 2 of the Orcish Mines
 17409 | Orc:2    | Found a roughly hewn altar of Beogh.
 17443 | Orc:2    | Gained mutation: You are very robust. (+20% HP) [demonic ancestry]
 17443 | Orc:2    | Reached XP level 15. HP: 125/143 MP: 24/27
 17511 | Orc:2    | Found Toaxoada's Distillery.
 17531 | Orc:2    | Found Qaceheoli's Weapon Shop.
 17656 | Orc:2    | Reached skill level 17 in Long Blades
 17986 | Orc:2    | Noticed an orc warlord
 18045 | Orc:2    | Killed an orc warlord
 18232 | Orc:2    | Found a roughly hewn altar of Beogh.
 18257 | Orc:2    | Found Loteras's Distillery.
 18304 | Orc:2    | Found Ryfaf's Antique Weapon Emporium.
 18808 | Orc:2    | Found a staircase to the Elven Halls.
 19166 | D:11     | Gained mutation: You possess an exceptional clarity of mind. [potion of mutation]
 19166 | D:11     | Gained mutation: Your flesh is heat resistant. (rF+) [potion of mutation]
 19182 | D:11     | Noticed Fannar
 19189 | D:11     | Killed Fannar
 19738 | D:12     | Reached skill level 18 in Long Blades
 20362 | D:12     | Found a stormy altar of Qazlal.
 20933 | D:13     | Found an opulent altar of Gozag.
 21111 | D:13     | Noticed Frances
 21124 | D:13     | Killed Frances
 21131 | D:13     | Noticed Kirke
 21444 | D:13     | Noticed Josephine
 21456 | D:13     | Killed Josephine
 21553 | D:13     | Killed Kirke
 21553 | D:13     | Reached skill level 19 in Long Blades
 21611 | D:13     | Found a snail-covered altar of Cheibriados.
 21733 | D:14     | Reached XP level 16. HP: 152/152 MP: 25/28
 22076 | D:14     | Found a gate to the Vaults.
 22232 | D:14     | Noticed Anemos's ghost (journeyman SpEn)
 22246 | D:14     | Killed Anemos's ghost
 22407 | D:14     | Found a shimmering altar of Xom.
 22684 | D:15     | Entered Level 15 of the Dungeon
 22684 | D:15     | Found Vuqagg's Antique Armour Emporium.
 22696 | D:15     | Bought a glowing cloak for 157 gold pieces
 22755 | D:15     | Noticed Louise
 22774 | D:15     | Killed Louise
 23045 | D:15     | Found a blossoming altar of Fedhas.
 23054 | D:15     | Got a pair of transparent gloves
 23065 | D:15     | Identified the cursed +0 pair of gloves of Midnight {rC+} (You found it on level 15 of the Dungeon)
 23326 | D:15     | Found a staircase to the Depths.
 23800 | Snake:1  | Entered Level 1 of the Snake Pit
 23811 | Snake:1  | Noticed Anemos's ghost (adept SpEn)
 23847 | Snake:1  | Killed Anemos's ghost
 23847 | Snake:1  | Reached skill level 20 in Long Blades
 24322 | Snake:1  | Reached skill level 10 in Fighting
 25091 | Snake:2  | Noticed Donald
 25102 | Snake:2  | Killed Donald
 26469 | Snake:3  | Reached skill level 10 in Dodging
 26591 | Snake:3  | Gained mutation: You frequently emit foul miasma when damaged in melee. [demonic ancestry]
 26591 | Snake:3  | Reached XP level 17. HP: 142/166 MP: 16/29
 27054 | Snake:4  | Entered Level 4 of the Snake Pit
 28101 | Snake:4  | Noticed Bai Suzhen
 28119 | Snake:4  | Killed Bai Suzhen
 28411 | Snake:4  | Noticed Vashnia
 28421 | Snake:4  | Killed from afar by a nagaraja

Vault maps used:
D:1:      dpeg_arrival_court
D:2:      lemuel_crystal_altar, lemuel_coloured_pillars_altar
D:4:      minmay_temple_entry_poolview, serial_shops, shop, shop,
          minmay_misc_feat_x, nemelex_lonely_heart_becter, uniq_blork_the_orc
D:5:      kennysheep_little_box, portal_sewer_entry_a, first_bread
D:6:      gammafunk_temple_overflow_elements, uniq_grinder
D:7:      dancing_weapons_uskayaw
D:8:      uniq_joseph, uniq_grum
D:9:      serial_shops, shop, the_bakery
D:10:     lair_entry_dummy, orc_david_3, serial_shops, kennysheep_mini,
          kennysheep_generic_room_6
D:11:     uniq_fannar
D:12:     kennysheep_flooded_box
D:13:     lemuel_upstairs_altar, serial_undead, serial_undead_a,
          serial_undead_c, serial_undead_c, serial_undead_b, serial_undead_c,
          serial_undead_a, basic_altar, grunt_gozag_statues, uniq_josephine,
          uniq_frances, uniq_kirke
D:14:     hangedman_vaults_entry_quadrant_bands, minmay_misc_feat_roman,
          basic_altar
D:15:     grunt_enter_depths_snipers, fedhas_altar_2, serial_shops,
          nicolae_shop_overgrown_old_shop, lemuel_flamethrower_hall, uniq_louise
Lair:1:   infiniplex_staircase_pool_2
Lair:2:   minmay_snake_entry_guardpost_small, nicolae_volcano_entry_lava_flow
Lair:3:   minmay_swamp_entry_swarm, roderic_carrion_pond, uniq_sonja
Lair:4:   serial_bayou_pond_a
Lair:5:   onia_ninara_swampy_vault, minmay_another_anthill
Lair:6:   hangedman_lair_caniforms_friends, hangedman_lair_tendril_chambers,
          minmay_slime_entry_oklob_enclosed
Snake:1:  hangedman_snake_pattern
Snake:2:  nicolae_snake_round_shape_thing, uniq_donald
Snake:3:  abandoned_shop, nicolae_snake_squiggles, spider_trap
Snake:4:  minmay_snake_end_coiled, spider_trap, uniq_vashnia, uniq_bai_suzhen
Orc:1:    nicolae_orc_tapped_out
Orc:2:    pubby_orc_utopia
Sewer:    sewer_minmay_treatment
Volcano:  volcano_grotto

Skill      XL: |  1  2  3  4  5  6  7  8  9 10 11 12 13 14 15 16 17 |
---------------+----------------------------------------------------+-----
Long Blades    | 3 4 5 6 9 11 13 14 16 19 20 | 20.0
Fighting       | 3 4 5 7 9 11 12 | 12.8
Invocations    | 1 2 3 5 6 8 10 13 17 | 17.4
Dodging        | 5 7 8 10 11 | 11.5
Throwing       | |  1.7

Action                   |  1- 3 |  4- 6 |  7- 9 | 10-12 | 13-15 | 16-18 || total
-------------------------+-------+-------+-------+-------+-------+-------++-------
Melee: Long sword        |   102 |    76 |   274 |    19 |       |       ||   471
       Kick              |       |       |    76 |    84 |   558 |   292 ||  1010
       Scimitar          |       |       |       |    68 |       |       ||    68
       Great sword       |       |       |       |   327 |  1101 |   578 ||  2006
Throw: Throwing net      |       |     4 |       |       |       |       ||     4
       Javelin           |       |       |     3 |       |       |       ||     3
Invok: Lesser Servant of |       |       |     1 |    14 |     5 |       ||    20
       Minor Destruction |       |       |       |     7 |       |       ||     7
       Major Destruction |       |       |       |     2 |     7 |     1 ||    10
       Greater Servant o |       |       |       |       |     8 |     1 ||     9
  Use: Scroll            |     6 |     7 |     8 |     5 |    10 |     5 ||    41
       Potion            |       |     1 |       |     3 |    11 |     3 ||    18
 Stab: Held in net/web   |       |     1 |       |       |       |       ||     1
       Distracted        |       |       |       |     3 |     3 |     1 ||     7
       Petrified         |       |       |       |       |     1 |       ||     1
  Eat: Chunk             |     4 |     5 |    13 |    12 |    22 |     3 ||    59
       Meat ration       |       |       |       |     1 |     1 |     3 ||     5
       Fruit             |       |       |       |       |     3 |       ||     3
       Bread ration      |       |       |       |       |     1 |       ||     1
       Royal jelly       |       |       |       |       |     1 |     1 ||     2
Armor: Leather armour    |    34 |       |       |       |       |       ||    34
       Ring mail         |    18 |    29 |    86 |    72 |   427 |   153 ||   785
       Troll leather arm |       |       |       |    72 |       |       ||    72
Dodge: Dodged            |    79 |    53 |   149 |   292 |   961 |   407 ||  1941
       Rpst.: Long sword |    29 |    17 |    48 |     2 |       |       ||    96
       Scimitar          |       |       |       |     2 |       |       ||     2
       Great sword       |       |       |       |    60 |   215 |    78 ||   353

Table legend:
 A = Spawn XP
 B = Non-spawn XP
 C = Spawn XP percentage of total XP
 D = Spawn monster count
 E = Non-spawn monster count
 F = Spawn count percentage of total count
 G = Total turns spent on level
                    A         B        C        D         E        F      G
               +---------+---------+-------+---------+---------+-------+---------
         Total |   34973 |  214920 |  14.0 |     133 |     974 |  12.0 | 28421
               +---------+---------+-------+---------+---------+-------+---------
           D:1 |       5 |      30 |  14.3 |       4 |      16 |  20.0 |  1230
           D:2 |       5 |      56 |   8.2 |       3 |      17 |  15.0 |   870
           D:3 |       4 |      62 |   6.1 |       2 |      24 |   7.7 |   520
           D:4 |      97 |     276 |  26.0 |       3 |       4 |  42.9 |   939
           D:5 |      42 |     754 |   5.3 |       1 |      19 |   5.0 |   735
           D:6 |     123 |     958 |  11.4 |       6 |      14 |  30.0 |   893
           D:7 |       0 |     857 |   0.0 |       0 |      13 |   0.0 |   594
           D:8 |     154 |    1731 |   8.2 |       2 |      21 |   8.7 |  1326
           D:9 |    1725 |    2959 |  36.8 |       4 |      41 |   8.9 |  1114
          D:10 |      18 |    7252 |   0.2 |       1 |      48 |   2.0 |  1125
          D:11 |      50 |    5463 |   0.9 |       1 |      46 |   2.1 |   549
          D:12 |    1154 |    4287 |  21.2 |      10 |      24 |  29.4 |   820
          D:13 |    4367 |   18202 |  19.3 |      19 |      65 |  22.6 |  1280
          D:14 |     899 |   15517 |   5.5 |       2 |      45 |   4.3 |  1018
          D:15 |    1574 |    6273 |  20.1 |       5 |      11 |  31.2 |   932
        Lair:1 |     383 |    5143 |   6.9 |       1 |      22 |   4.3 |  1061
        Lair:2 |     239 |    5564 |   4.1 |       2 |      28 |   6.7 |   808
        Lair:3 |     357 |    8955 |   3.8 |       3 |      36 |   7.7 |   969
        Lair:4 |     382 |    2365 |  13.9 |       1 |       9 |  10.0 |   682
        Lair:5 |    3158 |   14540 |  17.8 |       7 |      56 |  11.1 |  1530
        Lair:6 |    5097 |   29193 |  14.9 |      17 |     113 |  13.1 |  1640
       Snake:1 |    1007 |    9626 |   9.5 |       2 |      18 |  10.0 |  1291
       Snake:2 |    3068 |   12854 |  19.3 |       4 |      22 |  15.4 |  1320
       Snake:3 |    3156 |   16840 |  15.8 |       8 |      27 |  22.9 |   643
       Snake:4 |    7353 |   19384 |  27.5 |      16 |      27 |  37.2 |  1367
         Orc:2 |     556 |   20544 |   2.6 |       9 |     140 |   6.0 |  2098
         Sewer |       0 |     267 |   0.0 |       0 |      48 |   0.0 |   477
       Volcano |       0 |    4968 |   0.0 |       0 |      20 |   0.0 |   307
               +---------+---------+-------+---------+---------+-------+---------
